 Dungeon Crawl Stone Soup version 0.31-a0-175-g9f7f995f2b (webtiles) character file.

Game seed: 17486225320866227571

60 qw the Chopper (level 4, -2/28 HPs)
             Began as a Gargoyle Fighter on June 16, 2023.
             Slain by a cerulean imp
             ... wielding a +0 spear
             ... summoned by Natasha
              (3 damage)
             ... on level 2 of the Dungeon.
             The game lasted 00:00:37 (1056 turns).

qw the Chopper (Gargoyle Fighter)                   Turns: 1056, Time: 00:00:37

Health: -2/28      AC: 12    Str: 21    XL:     4   Next: 6%
Magic:  4/4        EV:  9    Int:  9    God:
Gold:   25         SH:  4    Dex:  9    Spells: 3/3 levels left

rFire   . . .        Y - +0 war axe
rCold   . . .        c - +0 buckler
rNeg    + . .        b - +0 scale mail
rPois   inf          i - +2 hat
rElec   +            (no cloak)
rCorr   .            (no gloves)
SInv    .            (no boots)
Will    .....        (no amulet) Stlth
                     (no ring)
HPRegen 0.24/turn    (no ring)
MPRegen 0.09/turn

%: no passive effects
@: no status effects
A: sickness immunity, AC +3, negative energy resistance 1, electricity
resistance, torment resistance 1, petrification resistance
a: no special abilities


You were on level 2 of the Dungeon.
You visited 1 branch of the dungeon, and saw 2 of its levels.

You collected 25 gold pieces.


Innate Abilities, Weirdness & Mutations

You are immune to sickness and miasma.
Your stone body is resilient. (AC +3)
You are immune to poison.
You resist negative energy. (rN+)
You are resistant to electric shocks. (rElec)
You are resistant to unholy torment.
You are immune to petrification.


   Skills:
 - Level 3.2 Fighting
 + Level 3.8 Axes
 - Level 3.2 Armour
 - Level 3.2 Shields


You had 3 spell levels left.
You didn't know any spells.
Your spell library was empty.

Inventory:

Hand Weapons
 h - a +0 whip
 Y - a +0 war axe (weapon)
Armour
 a - the +2 helmet "Cigate" {rF+ Str+5}
   (You took it off Robin on level 2 of the Dungeon)

   Str:       It affects your strength (+5).
   rF:        It protects you from fire.
 b - a +0 scale mail (worn)
 c - a +0 buckler (worn)
 i - a +2 hat (worn)
Scrolls
 f - a scroll of identify
Potions
 d - a potion of might
 e - a potion of degeneration {unknown}
 g - 2 potions of brilliance {unknown}

Dungeon Overview and Level Annotations

Branches:
Dungeon (2/15)

Altars:

Annotations:
D:2 Natasha


Message History

You feel disoriented. Natasha claws you.
The cerulean imp hits you with a +1 spear.
You miss Natasha.
Natasha is moderately wounded.
You barely miss the cerulean imp.
The cerulean imp hits you but does no damage.
You block Natasha's attack.
The cerulean imp hits you but does no damage.
A goblin comes into view. It is wielding a +0 club.
You barely miss Natasha.
Natasha is moderately wounded.
The goblin shouts!
You hit the cerulean imp but do no damage.
You block the cerulean imp's attack.
Natasha casts a spell.
The cerulean imp barely misses you. The cerulean imp closely misses you.
Natasha claws you but does no damage.
The cerulean imp hits you with a +1 spear.
You barely miss Natasha.
Natasha is moderately wounded.
You closely miss the cerulean imp. You block the cerulean imp's attack.
Natasha claws you but does no damage.
The cerulean imp hits you but does no damage.
You hit Natasha but do no damage.
Natasha is moderately wounded.
You closely miss the cerulean imp. The cerulean imp misses you.
You block the cerulean imp's attack. Natasha claws you!
The cerulean imp hits you with a +1 spear.
You block the cerulean imp's attack.
The cerulean imp hits you from afar with a +0 spear.
You closely miss Natasha.
Natasha is moderately wounded.
You hit the cerulean imp but do no damage.
Natasha stares at you and mumbles some strange words.
The magic dart hits you but does no damage.
The cerulean imp hits you but does no damage.
The cerulean imp hits you from afar with a +0 spear.
You die... .77 7.7 #..#######..# ..7 7.777 #... ...# ..777...77 ##.# ## ##.# 7..7.....7 #... .# #.# 7....7...7 #..##.###.#.# 777.7777.7 #.........# 777

7.7
#.........
77.7
#....5######
7..7
#...@.......
7.77
#.###h######
7.77 #.# 55.
77.7 #.#
.### 77.77
#.# g# 7.77
#.# .# 7.7
#.# .# 7.7
#.# .# 7.7
#.#


You could see Natasha, 3 cerulean imps and a goblin.

Vanquished Creatures
  Robin (D:2)
  5 bats
  4 endoplasms
  2 giant cockroaches
  4 goblins
  8 hobgoblins
  A jackal (D:1)
  3 kobolds
  6 quokkas
  5 ball pythons
39 creatures vanquished.

Notes
Turn   | Place    | Note
-------+----------+-------------------------------------------
     0 | D:1      | qw the Gargoyle Fighter began the quest for the Orb.
     0 | D:1      | Reached XP level 1. HP: 14/14 MP: 1/1
     0 | D:1      | 0 ||| qw: Version: 0.2-a-29-g511e9b1
     0 | D:1      | 0 ||| qw: Game counter: 5914
     0 | D:1      | 0 ||| qw: Always use a shield: true
     0 | D:1      | 0 ||| qw: God list: Okawaru
     0 | D:1      | 0 ||| qw: Allow faded altars: false
     0 | D:1      | 0 ||| qw: Do Orc after D:15 true
     0 | D:1      | 0 ||| qw: Do second Lair branch before Depths: true
     0 | D:1      | 0 ||| qw: Lair rune preference: random
     0 | D:1      | 0 ||| qw: Plans: Normal, Zot:1-4, Slime:5, God:TSO, Crypt,
                  | Tomb, Abyss, Pan, Hells, Win
     0 | D:1      | 0 ||| PLANNING D:1-11
    36 | D:1      | 36 ||| Stepping ~*~*~tactically~*~*~ (stealth).
    37 | D:1      | 37 ||| Stepping ~*~*~tactically~*~*~ (stealth).
    43 | D:1      | 43 ||| Stepping ~*~*~tactically~*~*~ (stealth).
    44 | D:1      | 44 ||| Stepping ~*~*~tactically~*~*~ (stealth).
    48 | D:1      | Reached XP level 2. HP: 19/19 MP: 2/2
   277 | D:1      | 277 ||| DROPPING +0 club.
   339 | D:1      | Reached skill level 3 in Axes
   344 | D:1      | Reached XP level 3. HP: 23/23 MP: 3/3
   440 | D:1      | Found a faded altar of an unknown god.
   607 | D:1      | 607 ||| UPGRADING to +2 hat.
   612 | D:1      | 612 ||| READING scroll labelled UPYLOL TUINIQ.
   613 | D:1      | 613 ||| READING 2 scrolls labelled JOSHRU FOMA.
   614 | D:1      | 614 ||| READING scroll labelled ATUHOTE SEIBUO.
   721 | D:2      | Identified the +2 helmet "Cigate" {rF+ Str+5}
   721 | D:2      | Noticed Robin
   734 | D:2      | Killed Robin
   998 | D:2      | Reached XP level 4. HP: 28/28 MP: 4/4
  1030 | D:2      | Noticed Natasha
  1055 | D:2      | HP: 7/28 [Natasha (7)]
  1055 | D:2      | HP: 1/28 [cerulean imp/+0 spear[Natasha] (4)]
  1056 | D:2      | Slain by a cerulean imp

Levels and vault maps discovered:
D:1:      dpeg_arrival_solitude, layout_loops_cross,
          shapermc_ecumenical_altar_venn, minmay_misc_feat_chi, minmay_bisected
D:2:      kb_forest_paths, layout_basic, uniq_natasha, uniq_robin

Skill      XL: |  1  2 |
---------------+-------+-----
Axes           | 2 3 |  3.8
Fighting       | |  3.2
Armour         | |  3.2
Shields        | |  3.2

Action                     |  1- 3 |  4- 6 || total
---------------------------+-------+-------++-------
  Melee: War axe           |   100 |    30 ||   130
    Use: Scroll            |     3 |       ||     3
 Armour: Scale mail        |    68 |    24 ||    92
  Dodge: Dodged            |    56 |    22 ||    78
  Block: Buckler           |    21 |    15 ||    36

Table legend:
 A = Non-vault XP
 B = Vault XP
 C = Vault XP percentage of total XP
 D = Non-vault monster count
 E = Vault monster count
 F = Vault count percentage of total count
                 A         B        C        D         E       F
            +---------+---------+-------+---------+---------+-------
      Total |      48 |      39 |  44.8 |      26 |      13 |  33.3
            +---------+---------+-------+---------+---------+-------
        D:1 |      31 |       7 |  18.4 |      17 |       4 |  19.0
        D:2 |      17 |      32 |  65.3 |       9 |       9 |  50.0
            +---------+---------+-------+---------+---------+-------
